 Dungeon Crawl Stone Soup version 0.27.1-33-g824d729ab1 (webtiles) character file.

Game seed: 5110993293446505997

838 Fetmaboll the Cudgeller (level 7, -1/67 HPs)
             Began as a Troll Fighter on Dec 1, 2021.
             Was an Initiate of Ashenzari.
             Slain by a sky beast (6 damage)
             ... on level 5 of the Dungeon.
             The game lasted 00:17:21 (4295 turns).

Fetmaboll the Cudgeller (Troll Fighter)             Turns: 4295, Time: 00:17:21

Health: -1/67      AC:  4    Str: 27    XL:     7   Next: 67%
Magic:  6/6        EV:  8    Int:  4    God:    Ashenzari [......]
Gold:   189        SH:  9    Dex:  9    Spells: 6/6 levels left

rFire    . . .     SeeInvis .   a - +0 flail
rCold    . . .     Faith    .   c - +0 kite shield
rNeg     . . .     Spirit   .   b - +0 robe
rPois    .         Reflect  .   (helmet restricted)
rElec    .         Harm     .   (no cloak)
rCorr    .         Rampage  .   (gloves unavailable)
Will     .....                  (boots unavailable)
Stlth    +.........             (no amulet)
HPRegen  1.21/turn              (no ring)
MPRegen  0.10/turn              (no ring)

@: no status effects
A: large, unfitting armour, claws 3, regeneration 1, shaggy fur 1, tough skin 1
a: Renounce Religion, Curse Item


You were on level 5 of the Dungeon.
You worshipped Ashenzari.
Ashenzari was noncommittal.
You visited 1 branch of the dungeon, and saw 5 of its levels.

You collected 189 gold pieces.

Inventory:

Hand Weapons
 a - a +0 flail (weapon)
Armour
 b - a +0 robe (worn)
 c - a +0 kite shield (worn)
Scrolls
 e - 8 scrolls of identify
 h - 4 scrolls of teleportation
 i - a scroll of vulnerability
 j - 4 scrolls of amnesia
 k - 2 scrolls of enchant armour
 m - 2 scrolls of magic mapping
 n - a scroll of holy word
Potions
 d - a potion of might
 f - 3 potions of curing
 g - a potion of berserk rage
 l - a potion of lignification


   Skills:
 + Level 3.5 Fighting
 * Level 6.1 Maces & Flails
 + Level 3.7 Dodging
 + Level 3.6 Shields


You had 6 spell levels left.
You didn't know any spells.
Your spell library contained the following spells:

 Spells                   Type           Power      Damage    Failure   Level
 Summon Small Mammal      Summ           0%         N/A       88%         1
 Sublimation of Blood     Necr           0%         N/A       95%         2
 Call Canine Familiar     Summ           0%         N/A       99%         3
 Summon Guardian Golem    Hex/Summ       0%         N/A       99%         3
 Petrify                  Tmut/Erth      0%         N/A       100%        4
 Irradiate                Conj/Tmut      0%         3d14      100%        5


Dungeon Overview and Level Annotations

Branches:
Dungeon (5/15)
 Temple: D:4-7

Altars:
Ashenzari
Elyvilon
Fedhas
Kikubaaqudgha


Innate Abilities, Weirdness & Mutations

You are too large for most types of armour.
You have claws for hands.
Your natural rate of healing is unusually fast.
You are covered in fur. (AC +1)
You have tough skin. (AC +1)


Message History

You kill the gnoll!
The sky beast flickers out of sight!
Deactivating autopickup; reactivate with Ctrl-A.
You closely miss something. Something hits you but does no damage.
You closely miss something. Something hits you but does no damage.
Something hits you. Something shocks you.
You miss something.
A sky beast appears from thin air!
Reactivating autopickup.
The sky beast hits you but does no damage.
You sock the sky beast!
The sky beast is moderately wounded.
The sky beast flickers out of sight!
Deactivating autopickup; reactivate with Ctrl-A.
You block something's attack.
You hit something. Something hits you but does no damage.
You miss something.
Something hits you but does no damage. x2
You barely miss something. Something hits you. Something shocks you.
You sock something! Something hits you but does no damage.
You barely miss something. Something hits you. Something shocks you.
You barely miss something. Something hits you. Something shocks you.
Something hits you but does no damage.
You closely miss something. Something hits you. Something shocks you.
You miss something. You block something's attack.
Something hits you but does no damage. Something hits you.
Something shocks you.
You start resting.
Something hits you. Something shocks you.
You start resting.
Something hits you but does no damage.
You miss something. Something hits you. Something shocks you.
Something hits you.
* * * LOW HITPOINT WARNING * * *
Something shocks you.
* * * LOW HITPOINT WARNING * * *
You barely miss something. Something hits you.
* * * LOW HITPOINT WARNING * * *
Something shocks you.
* * * LOW HITPOINT WARNING * * *
You miss something. Something hits you.
* * * LOW HITPOINT WARNING * * *
Something shocks you.
You die...

.............##)......#
............≈..)......##
......>....##.......#...
.........).#####......##
........#########.#...#
.......................#
.........####.... ......
.......{.#......# ##....
.......@......... .#..
................. ...
................. ...
..[.............. ...
#......#......... ...
########......... #...
##......... ##...
#.......... .....
#.......... .....


There were no monsters in sight!

Vanquished Creatures
  The ghost of diceflayer the Skirmisher, an amateur MiFi (D:2)
  A black bear (D:4)
  An ogre (D:5)
  A centaur (D:5)
  A water moccasin zombie (D:5)
  A water moccasin skeleton (D:4)
  3 hounds
  Jessica (D:2)
  Natasha (twice) (D:2)
  An orc wizard (D:4)
  A hound zombie (D:3)
  A howler monkey zombie (D:5)
  6 gnolls
  5 adders
  A worm (D:4)
  6 dart slugs
  4 orcs
  3 bats
  6 endoplasms
  3 giant cockroaches
  5 goblins
  5 hobgoblins
  7 jackals
  4 quokkas
  4 ball pythons
  6 frilled lizards
  6 kobolds
  3 rats
89 creatures vanquished.

Notes
Turn   | Place    | Note
-------+----------+-------------------------------------------
     0 | D:1      | Fetmaboll the Troll Fighter began the quest for the Orb.
     0 | D:1      | Reached XP level 1. HP: 22/22 MP: 0/0
   437 | D:1      | Reached XP level 2. HP: 29/29 MP: 1/1
   901 | D:2      | Noticed Natasha
   909 | D:2      | Noticed a crimson imp
   918 | D:2      | Killed Natasha
   919 | D:2      | Reached skill level 2 in Maces & Flails
   919 | D:2      | Reached XP level 3. HP: 16/36 MP: 2/2
  1196 | D:3      | Reached XP level 4. HP: 40/44 MP: 3/3
  1386 | D:2      | Reached skill level 3 in Maces & Flails
  1406 | D:2      | Found a faded altar of an unknown god.
  1623 | D:2      | Noticed Jessica
  1631 | D:2      | Killed Jessica
  1699 | D:3      | Found a runed translucent door.
  1700 | D:3      | Noticed diceflayer's ghost (amateur MiFi)
  1896 | D:2      | Killed diceflayer's ghost
  1897 | D:2      | Reached skill level 4 in Maces & Flails
  1897 | D:2      | Reached XP level 5. HP: 30/53 MP: 4/4
  2110 | D:2      | Noticed Natasha
  2129 | D:2      | Killed Natasha
  2288 | D:4      | Reached XP level 6. HP: 50/61 MP: 5/5
  2672 | D:3      | Found a broken altar of Ashenzari.
  2673 | D:3      | Found an ancient bone altar of Kikubaaqudgha.
  2674 | D:3      | Found a blossoming altar of Fedhas.
  2675 | D:3      | Found a white marble altar of Elyvilon.
  2706 | D:3      | Became a worshipper of Ashenzari the Shackled
  3293 | D:4      | Reached skill level 5 in Maces & Flails
  3653 | D:4      | Reached XP level 7. HP: 42/67 MP: 6/6
  3850 | D:5      | Entered Level 5 of the Dungeon
  4154 | D:5      | Reached skill level 6 in Maces & Flails
  4295 | D:5      | Slain by a sky beast

Illustrated notes

Levels and vault maps discovered:
D:1:      dpeg_arrival_rooms_b, layout_basic
D:2:      layout_basic, chequers_ecumenical_altar_grove,
          nicolae_underground_beach, uniq_jessica, uniq_natasha
D:3:      minmay_diamond_boxcup, layout_rooms, mainiacjoe_overflow_alcove_3,
          ebering_ghost_sewer_d
D:4:      layout_cave_pods
D:5:      layout_rooms, glass_columns_b

Skill      XL: |  1  2  3  4  5  6  7 |
---------------+----------------------+-----
Maces & Flails | 2 4 5 6 |  6.1
Fighting       | 3 |  3.5
Dodging        | 3 |  3.7
Shields        | 3 |  3.6

Action                   |  1- 3 |  4- 6 |  7- 9 || total
-------------------------+-------+-------+-------++-------
Melee: Flail             |    84 |   270 |    68 ||   422
Armor: Robe              |    23 |    73 |    37 ||   133
Dodge: Dodged            |    35 |   119 |    22 ||   176
Block: Kite shield       |    41 |   145 |    35 ||   221
